 Dungeon Sprint DCSS version 0.18-a0-1655-ge2d8d33 (console) character file.

3200000 sorlin the Axe Maniac (level 16, -40/133 HPs)
             Began as a Gargoyle Wanderer on Mar 30, 2016.
             Was a Priest of Makhleb.
             Annihilated by a meat berserker
             ... wielding a +9 battleaxe
              (72 damage)
             ... in the Dungeon (Sprint VIII: "Arena of Blood").
             The game lasted 00:01:50 (32 turns).

sorlin the Axe Maniac (Gargoyle Wanderer)             Turns: 32, Time: 00:01:50

Health: -40/133    AC: 13    Str: 16    XL:     16   Next: 23%
Magic:  20/20      EV: 20    Int: 18    God:    Makhleb [***...]
Gold:   0          SH:  0    Dex: 11    Spells: 0 memorised, 21 levels left

rFire  . . .     SeeInvis .     l - +∞ Axe of Woe
rCold  . . .     Gourm    .     d - +0 robe
rNeg   + . .     Faith    .     (shield currently unavailable)
rPois  ∞         Spirit   .     (no helmet)
rElec  +         Dismiss  .     (no cloak)
rCorr  .         Reflect  .     (no gloves)
SustAt .         Harm     .     (no boots)
MR     +....     NoTele   +     (no amulet)
Stlth  +.........               (no ring)
                                (no ring)

@: somewhat resistant to hostile enchantments, very unstealthy
A: big wings, negative energy resistance 1, electricity resistance, unbreathing,
petrification resistance, rot immunity, AC +11
a: Fly, Minor Destruction, Lesser Servant of Makhleb, Renounce Religion


You were in the Dungeon.
You worshipped Makhleb.
Makhleb was most pleased with you.
You were not hungry.

You visited 1 branch


Innate Abilities, Weirdness & Mutations

You are resistant to torment.
Your stone body is resilient (AC +11).
You are immune to poison.
Your large and strong wings let you fly indefinitely.
You resist negative energy.
You are resistant to electric shocks.
You can survive without breathing.
You are immune to petrification.
You are immune to rotting.


   Skills:
 O Level 27 Fighting
 O Level 27 Axes
 - Level 1.0 Throwing
 + Level 17.0 Dodging
 - Level 1.1 Stealth
 - Level 3.0 Spellcasting
   Level 1.7 Charms


You had 21 spell levels left.
You didn't know any spells.

Inventory:

Hand Weapons
 b - a +0 spear
 l - the +∞ Axe of Woe (weapon)
   (You found it in the Dungeon)
Armour
 d - a +0 robe (worn)
Jewellery
 m - a +30 ring of slaying
Scrolls
 c - a scroll of teleportation {!r}
 k - a scroll of blinking
Potions
 e - a potion of curing
 g - a potion of heal wounds {!q}
 h - a potion of haste {!q}
 i - 2 potions of magic {!q}
 j - a potion of berserk rage {!q}
Books
 a - a book of Minor Magic

   Spells                             Type                      Level
   a - Magic Dart                     Conjuration                  1
   b - Blink                          Translocation                2
   c - Call Imp                       Summoning                    2
   d - Repel Missiles                 Charms/Air                   2
   e - Slow                           Hexes                        2
   f - Conjure Flame                  Conjuration/Fire             3
   g - Mephitic Cloud                 Conjuration/Poison/Air       3
Comestibles
 f - a bread ration {!e}


Message History

You feel better.
Your Fighting skill gained 2 levels and is now at level 26!
Your Dodging skill gained 2 levels and is now at level 15!
You are engulfed in roaring flames.
You hear a shout! x13
The meat berserker rages.
You hear a shout! x10 2 ogres come into view.
Unknown command.
You are engulfed in roaring flames.
* * * LOW HITPOINT WARNING * * *
You hear a shout! x4
The bag of meat is engulfed in roaring flames.
The destroyer appears out of thin air!
A destroyer comes into view.
It is wielding a +9 great sword of slicing.
The meat berserker moves out of view. x2
You hear a shout! x5
An orc and an ogre come into view.
You take 23 damage.
You are too injured to fight recklessly!
Unknown command.
The destroyer shouts!
You hit the bag of meat but do no damage.
You fatally mangle the bag of meat.
You kill the bag of meat!
Makhleb accepts your kill.
You feel better.
You have mastered Fighting!
Your Dodging skill gained 2 levels and is now at level 17!
You have reached level 16!
You feel clever.
You are engulfed in roaring flames.
You hear a shout! x6
You are engulfed in roaring flames.
You hear a shout! x7
The destroyer blinks!
You hear a shout! x2
You take 13 damage.
An orc and an ogre come into view.
The bag of meat shouts!
You hear a shout!
The meat berserker hits you with a +9 battleaxe!!!
* * * LOW HITPOINT WARNING * * *
You hear a shout! x4
The meat berserker rages.
You hear a shout! x3
The destroyer blinks!
The bag of meat moves out of view.
You hear a shout!
The meat berserker hits you with a +9 battleaxe!!!!
Ouch! That really hurt!
You die...

.. .. #.. ..# #%.
o.# .###.. ..###.
.....O###%.....
....._..... .
#%%...# . ...
#§.§O_# ...
.....#§§§..#.....
......O§§@O......
...§.§§###O.%o...
..###.. ..###..
#.. ..# #.. V.#
... .O. .... ....
.... ....


You could see a destroyer, 6 meat berserkers and 2 bags of meat.

Vanquished Creatures
  An ogre (D)
  4 orcs (D)
  2 hill giants (D)
7 creatures vanquished.

Notes
Turn   | Place    | Note
--------------------------------------------------------------
     0 | D        | sorlin the Gargoyle Wanderer began the quest for the Orb.
     0 | D        | sorlin set off with: a book of Minor Magic, a +0 spear, a scroll of teleportation {!r}, a +0 robe, a potion of curing, a bread ration {!e}, a potion of heal wounds {!q}, a potion of haste {!q}, 2 potions of magic {!q}, a potion of berserk rage {!q}, a scroll of blinking
     0 | D        | Reached XP level 1. HP: 14/14 MP: 4/4
     3 | D        | Noticed a bag of meat
     4 | D        | Noticed a bag of meat
     4 | D        | Became a worshipper of Makhleb the Destroyer
    10 | D        | Killed a bag of meat
    10 | D        | Reached skill level 17 in Fighting
    10 | D        | Reached skill level 20 in Axes
    10 | D        | Reached XP level 2. HP: 38/38 MP: 6/6
    10 | D        | Reached XP level 3. HP: 43/43 MP: 7/7
    10 | D        | Reached XP level 4. HP: 49/49 MP: 8/8
    10 | D        | Reached XP level 5. HP: 54/54 MP: 9/9
    10 | D        | Reached XP level 6. HP: 60/60 MP: 10/10
    10 | D        | Reached XP level 7. HP: 64/64 MP: 11/11
    10 | D        | Reached XP level 8. HP: 71/71 MP: 12/12
    10 | D        | Reached XP level 9. HP: 76/76 MP: 13/13
    10 | D        | Reached XP level 10. HP: 81/81 MP: 14/14
    10 | D        | Reached XP level 11. HP: 86/86 MP: 15/15
    10 | D        | Reached XP level 12. HP: 92/92 MP: 16/16
    10 | D        | Killed a bag of meat
    10 | D        | Reached * piety under Makhleb
    10 | D        | Reached skill level 20 in Fighting
    10 | D        | Reached skill level 23 in Axes
    10 | D        | Reached XP level 13. HP: 102/102 MP: 17/17
    11 | D        | Noticed a bag of meat
    15 | D        | Noticed a meat berserker
    16 | D        | Killed a bag of meat
    16 | D        | Reached skill level 21 in Fighting
    16 | D        | Reached skill level 24 in Axes
    16 | D        | Reached skill level 6 in Dodging
    16 | D        | Gained mutation: Your large and strong wings let you fly indefinitely. [Gargoyle growth]
    16 | D        | Reached XP level 14. HP: 110/110 MP: 18/18
    19 | D        | Killed a meat berserker
    19 | D        | Reached ** piety under Makhleb
    19 | D        | Reached skill level 23 in Fighting
    19 | D        | Reached skill level 26 in Axes
    19 | D        | Reached skill level 11 in Dodging
    19 | D        | Reached XP level 15. HP: 120/120 MP: 19/19
    23 | D        | Noticed a large bag of meat
    23 | D        | Noticed a large bag of meat
    25 | D        | Killed a large bag of meat
    25 | D        | Reached skill level 24 in Fighting
    25 | D        | Reached skill level 27 in Axes
    25 | D        | Reached skill level 13 in Dodging
    28 | D        | Noticed a meat berserker
    28 | D        | Killed a large bag of meat
    28 | D        | Reached *** piety under Makhleb
    28 | D        | Reached skill level 26 in Fighting
    28 | D        | Reached skill level 15 in Dodging
    29 | D        | Noticed a meat berserker
    29 | D        | Noticed a meat berserker
    30 | D        | Noticed a meat berserker
    30 | D        | Noticed a destroyer
    30 | D        | Reached skill level 27 in Fighting
    30 | D        | Reached skill level 17 in Dodging
    30 | D        | Reached XP level 16. HP: 112/133 MP: 20/20
    32 | D        | Noticed a meat berserker
    32 | D        | HP: 32/133 [meat berserker/+9 battleaxe (57)]
    32 | D        | Annihilated by a meat berserker

Vault maps used:
D:        meatsprint

Action                   |  1- 3 |  4- 6 |  7- 9 | 10-12 | 13-15 | 16-18 || total
-------------------------+-------+-------+-------+-------+-------+-------++-------
Melee: Executioner's axe |     1 |       |       |       |     5 |       ||     6
